Map: 2000 Atmospheres LE

Players

Rex

  • Race: Zerg Zerg
  • League: Grandmaster

Yoger - Winner!

  • Race: Zerg Zerg
  • League: Master

Event: DreamHack SC2 Masters 2021 Summer

VOD

Have the link to the VOD?

Description

Time

  • Played on: May 20, 2021, 9:42 a.m.
  • Length: 4:19

All games in this series

Show
View Real Time Build Order
Export as new Build Order

Rex Zerg 

Build Orders: Pool Only 

Get SALT Encoding   

  12  0:18  Spawning Pool  
  11  0:21  Drone  
  11  0:26  Drone  
  13  0:32  Drone  
  14  0:40  Overlord  
  14  1:04  Zergling x4  
  14  1:05  Zergling x2  
  17  1:16  Zergling x2  
  18  1:26  Zergling x2  
  19  1:37  Zergling x2  
  20  1:47  Zergling x2  
  21  1:59  Spine Crawler  
  21  2:00  Spine Crawler x2  
  18  2:26  Zergling x2  
  18  2:30  Zergling x2  
  18  2:32  Zergling x2  
  18  2:53  Zergling x2  
  17  3:23  Zergling x2  
  4  3:40  Zergling x2  
Show
View Real Time Build Order
Export as new Build Order

Yoger Zerg - Winner!

Build Orders: Hatch First 

Get SALT Encoding   

  12  0:00  Drone  
  13  0:12  Overlord  
  13  0:17  Drone  
  14  0:31  Drone x2  
  16  0:48  Hatchery  
  15  0:51  Drone  
  15  0:54  Drone  
  17  0:57  Drone  
  18  1:09  Extractor  
  17  1:13  Spawning Pool  
  17  1:16  Drone  
  17  1:20  Drone  
  18  1:28  Drone  
  19  2:00  Zergling x6  
  22  2:03  Spine Crawler  
  22  2:06  Queen  
  22  2:07  Zergling x2  
  24  2:13  Zergling x4  
  26  2:29  Zergling x2  
  22  2:42  Zergling x2  
  19  2:49  Zergling x2  
  20  2:54  Zergling x2  
  17  3:26  Drone  
  17  3:27  Drone x2  
  9  3:56  Drone  
Tags
 
Add a new tag
Caveats
  • Supply blocks, unpowered buildings, or Contaminate may cause inaccurate times.
  • Supply counts are checked every 10 seconds.